 Dungeon Crawl Stone Soup version 0.28.0-53-g5a82cb258f (webtiles) character file.

Game seed: 14591667417108006761

8485 oldmanjim the Fighter (level 11, 0/85 HPs)
             Began as a Djinni Ice Elementalist on Aug 8, 2022.
             Shot with an arrow by a centaur warrior (13 damage)
             ... on level 9 of the Dungeon on Aug 11, 2022.
             The game lasted 01:49:44 (9538 turns).

oldmanjim the Fighter (Djinni Ice Elementalist)     Turns: 9538, Time: 01:49:44

Health: 0/85       AC:  8    Str:  7    XL:     11   Next: 56%
Gold:   429        EV: 14    Int: 22    God:
                   SH:  0    Dex: 13

rFire   + + +      SeeInvis .   a - +1 dagger (drain)
rCold   . . .      Faith    .   (no shield)
rNeg    . . .      Spirit   .   O - +0 acid dragon scales
rPois   ∞          Reflect  .   (no helmet)
rElec   .          Harm     .   y - scarf {rC+ rF+}
rCorr   +          Rampage  .   N - +0 pair of gloves
Will    +....                   (boots unavailable)
Stlth   +.........              s - amulet of regeneration
HPRegen 1.04/turn               (no ring)
MPRegen 0.00/turn               (no ring)

@: flying
A: sickness immunity, fire resistance 2, cold vulnerability 1, float, innate
caster, HP casting, extra vitality 1
a: no special abilities


You were on level 9 of the Dungeon.
You visited 2 branches of the dungeon, and saw 10 of its levels.
You also visited: Ossuary.

You collected 429 gold pieces.

Inventory:

Hand Weapons
 a - a +1 dagger of draining (weapon)
 b - a +0 triple crossbow
 t - a +2 mace of draining
 I - a +5 morningstar
 K - a +0 dagger of venom
Missiles
 f - 23 sling bullets
 k - 252 stones
 o - 129 arrows
 v - 88 bolts
 x - 9 boomerangs (quivered)
 A - a throwing net
 L - 18 poisoned darts
Armour
 d - a +1 cloak
 y - a scarf of resistance (worn)
 N - a +0 pair of gloves (worn)
 O - +0 acid dragon scales (worn)
Jewellery
 s - an amulet of regeneration (around neck)
Wands
 r - a wand of flame (24)
Scrolls
 c - 3 scrolls of teleportation
 e - a scroll of immolation {unknown}
 i - a scroll of enchant armour
 n - a scroll of summoning
 u - 2 scrolls of blinking
 w - a scroll of identify
 z - a scroll of torment {unknown}
 E - a scroll of fear {unknown}
 F - a scroll of amnesia {unknown}
 H - 4 scrolls of noise {unknown}
 J - a scroll of vulnerability {unknown}
 M - a scroll of magic mapping {unknown}
Potions
 g - 5 potions of mutation
 h - 3 potions of brilliance
 j - 3 potions of haste
 l - a potion of berserk rage
 m - a potion of heal wounds
 p - 3 potions of curing
 q - a potion of lignification
 B - a potion of magic {unknown}
 C - 3 potions of might
 D - 2 potions of ambrosia
 G - a potion of cancellation
 P - a potion of degeneration {unknown}


   Skills:
 + Level 9.9 Fighting
 - Level 5.0 Armour
 + Level 8.8 Dodging
 - Level 1.5 Stealth
 - Level 9.0 Spellcasting


You had 3 spell levels left.
You knew the following spells:

 Your Spells              Type           Power      Damage    Failure   Level
a - Freeze                Ice            100%       1d11      1%          1
b - Frozen Ramparts       Ice            98%        1d11      1%          3
c - Ozocubu's Armour      Ice            49%        N/A       1%          3
d - Hailstorm             Conj/Ice       49%        3d11      2%          4
e - Summon Small Mammal   Summ           100%       N/A       1%          1
f - Blink                 Tloc           98%        N/A       1%          2
g - Confusing Touch       Hex            49%        N/A       1%          3
h - Summon Ice Beast      Ice/Summ       49%        N/A       2%          4
i - Flame Wave            Conj/Fire      49%        2d10      2%          4
Your spell library was empty.

Dungeon Overview and Level Annotations

Branches:
Dungeon (9/15)             Temple (1/1) D:6            Lair (0/6) D:8
Ossuary (visited)
    Orc: D:9-12

Altars:
Cheibriados
Dithmenos
Elyvilon
Fedhas
Gozag
Hepliaklqana
Kikubaaqudgha
Makhleb
Nemelex Xobeh
Okawaru
Qazlal
Ru
Sif Muna
Trog
Uskayaw
Vehumet
Wu Jian
Xom
Yredelemnul
Zin
The Shining One

Shops:
D:4 :   D:5 [


Innate Abilities, Weirdness & Mutations

You are immune to sickness and miasma.
You are immune to poison.
Your flesh is very heat resistant. (rF++)
You are vulnerable to cold. (rC-)
You float through the air rather than walking.
You learn spells naturally, not from books.
Your magical power is your life essence.
You have superior vitality. (+4 MHP)


Message History

The hail pelts the yak!
You kill the yak!
The yak's corpse dissolves into shadows!
The hail pelts the yak!!
The yak is heavily wounded.
The hail pelts the seven-headed hydra!!
The seven-headed hydra is severely wounded.
The centaur warrior unwields a +0 shortbow.
The centaur warrior closely misses you.
The centaur warrior kicks you but does no damage.
Casting: Hailstorm (dangerous; 2% risk of failure)
Confirm with . or Enter, or press ? or * to list all spells.
Aiming: Freeze (safe; 1% risk of failure)
Press: ? - help, Shift-Dir - straight line, f - seven-headed hydra
Aim: a seven-headed hydra (severely wounded)
You freeze the seven-headed hydra.
The seven-headed hydra is severely wounded.
The seven-headed hydra bites you.
The seven-headed hydra bites you but does no damage.
The seven-headed hydra barely misses you.
The seven-headed hydra bites you but does no damage.
The seven-headed hydra bites you! The seven-headed hydra bites you.
The seven-headed hydra bites you! The centaur warrior hits you!
The centaur warrior kicks you but does no damage.
Unknown command.
Blink to where?
Press: ? - help, Dir - move target, p - seven-headed hydra
As you read the scroll of blinking, it crumbles to dust.
The centaur warrior wields a +0 shortbow.
The centaur warrior shoots an arrow.
The arrow closely misses you.
The centaur warrior shoots an arrow.
The arrow hits you.
You now have 429 gold pieces (gained 7).
Things that are here:
a +0 rapier; a +0 leather armour; a boulder beetle corpse The centaur warrior shoots an arrow.
The arrow hits you!
* * * LOW HITPOINT WARNING * * *
The centaur warrior shoots an arrow.
The arrow hits you!
* * * LOW HITPOINT WARNING * * *
The centaur warrior shoots an arrow.
The arrow hits you!
You die...

# #. .. #.. #####.. ..#### ......
..... ..... # ##..# #....
.#..##...############..#
.........))............##
##.####.@.).............. .# ....
#.#####c........... .#...... #.#
#..#######... #.#Q......#.# #..#
#..÷
####...C..8...z?#####..#######...
......# ......#.)...........D....
......# ....).#.........c...§.Y..
......# ..... #(...........c..)Y.
...##.####.## #.#######.########)


You could see a skeletal warrior (wandering) and a centaur warrior.

Vanquished Creatures
  A boulder beetle (D:9)
  A centaur warrior (D:9)
  2 two-headed ogres (D:9)
  A tengu warrior (D:9)
  A manticore (D:9)
  An ugly thing (D:9)
  Sigmund (D:8)
  A wraith (D:9)
  A wyvern (D:9)
  A steam dragon (D:7)
  Menkaure (D:7)
  An acid dragon (D:8)
  3 water moccasins
  A sky beast (D:6)
  3 orc warriors
  2 ogres
  2 centaurs (D:8)
  2 kobold brigands
  A wyvern zombie (D:7)
  2 bullfrogs (D:7)
  A gnoll sergeant (D:7)
  2 water moccasin zombies
  3 wights (D:6)
  2 howler monkeys (D:6)
  3 centaur zombies (Ossuary)
  A gnoll shaman (D:6)
  3 hounds
  2 human zombies (Ossuary)
  3 orc priests
  3 jellies (D:4)
  A bullfrog skeleton (D:6)
  An iguana (D:6)
  Jessica (D:3)
  8 orc wizards
  A hound skeleton (D:4)
  2 mummies (Ossuary)
  A howler monkey zombie (D:6)
  8 gnolls
  7 adders
  2 white imps
  An ufetubus (D:5)
  2 adder zombies (Ossuary)
  2 worms
  19 orcs
  3 bats
  3 endoplasms
  3 giant cockroaches
  3 goblins
  10 hobgoblins
  12 jackals (D:3)
  6 quokkas
  6 ball pythons
  3 frilled lizards
  A goblin zombie (Ossuary)
  12 hobgoblin zombies (Ossuary)
  A jackal zombie (Ossuary)
  13 kobolds
  6 kobold zombies (Ossuary)
  8 orc zombies (Ossuary)
  5 rats
  A rat zombie (Ossuary)
204 creatures vanquished.

Vanquished Creatures (collateral kills)
  A hydra (D:9)
  A deep elf pyromancer (D:9)
  A necrophage (D:8)
  An orc wizard (D:6)
  A killer bee zombie (D:8)
  2 gnolls (D:4)
  An orc (D:6)
  A ball python (D:4)
9 creatures vanquished.

Vanquished Creatures (others)
  2 plants (D:2)
2 creatures vanquished.

Grand Total: 215 creatures vanquished

Notes
Turn   | Place    | Note
-------+----------+-------------------------------------------
     0 | D:1      | oldmanjim the Djinni Ice Elementalist began the quest for
                  | the Orb.
     0 | D:1      | Reached XP level 1. HP: 15/15 MP: 0/0
   284 | D:1      | Reached skill level 1 in Fighting
   284 | D:1      | Reached XP level 2. HP: 20/22 MP: 0/0
   629 | D:1      | Found a faded altar of an unknown god.
  1093 | D:1      | Reached XP level 3. HP: 19/27 MP: 0/0
  1093 | D:1      | Learned a level 1 spell: Summon Small Mammal
  1202 | D:2      | You are sucked into a shaft and drop 2 floors!
  1672 | D:3      | Reached XP level 4. HP: 29/33 MP: 0/0
  2266 | D:3      | Found a faded altar of an unknown god.
  2276 | D:3      | Found a shadowy altar of Dithmenos.
  2429 | D:3      | Noticed Jessica
  2442 | D:3      | Killed Jessica
  2443 | D:3      | Reached XP level 5. HP: 21/39 MP: 0/0
  2443 | D:3      | Learned a level 2 spell: Blink
  2923 | D:3      | Found a white marble altar of Elyvilon.
  3211 | D:3      | Found an ornate altar of the Wu Jian Council.
  3364 | D:4      | Reached skill level 1 in Armour
  3424 | D:4      | Reached XP level 6. HP: 41/46 MP: 0/0
  3565 | D:4      | Found Lyakh's Self-Improvement Boutique.
  3910 | D:5      | Entered Level 5 of the Dungeon
  3929 | D:4      | Reached XP level 7. HP: 18/52 MP: 0/0
  3929 | D:4      | Learned a level 3 spell: Confusing Touch
  3967 | D:5      | Found Manug's Armour Shoppe.
  4146 | D:5      | Found a sand-covered staircase.
  4154 | Ossuary  | Entered an ossuary
  4651 | Ossuary  | Reached skill level 5 in Spellcasting
  5231 | Ossuary  | Reached XP level 8. HP: 58/58 MP: 0/0
  6107 | D:6      | Reached skill level 5 in Fighting
  6350 | D:6      | Found a staircase to the Ecumenical Temple.
  6585 | D:6      | Reached XP level 9. HP: 65/65 MP: 0/0
  6585 | D:6      | Learned a level 4 spell: Summon Ice Beast
  6630 | Temple   | Entered the Ecumenical Temple
  7264 | D:7      | Reached skill level 5 in Armour
  7287 | D:7      | Noticed Menkaure
  7329 | D:7      | Killed Menkaure
  7662 | D:7      | Found a snail-covered altar of Cheibriados.
  7739 | D:7      | Found a blossoming altar of Fedhas.
  8295 | D:8      | Reached skill level 5 in Dodging
  8674 | D:8      | Reached XP level 10. HP: 64/73 MP: 0/0
  8803 | D:8      | Found a staircase to the Lair.
  8954 | D:8      | Noticed Sigmund
  8963 | D:8      | Killed Sigmund
  9229 | D:9      | Noticed a six-headed hydra
  9229 | D:9      | Noticed a cyclops
  9229 | D:9      | Noticed a tengu warrior
  9232 | D:9      | Noticed a centaur warrior
  9264 | D:9      | Noticed a seven-headed hydra
  9267 | D:9      | Noticed a two-headed ogre
  9273 | D:9      | Killed a seven-headed hydra
  9276 | D:9      | Killed a two-headed ogre
  9276 | D:9      | Noticed a two-headed ogre
  9295 | D:9      | Killed a two-headed ogre
  9320 | D:9      | Noticed a boulder beetle
  9347 | D:9      | Reached XP level 11. HP: 76/82 MP: 0/0
  9347 | D:9      | Learned a level 4 spell: Flame Wave
  9347 | D:9      | Noticed a brown ugly thing
  9349 | D:9      | Noticed a manticore
  9355 | D:9      | Killed a brown ugly thing
  9356 | D:9      | Killed a boulder beetle
  9357 | D:9      | Killed a manticore
  9364 | D:9      | Killed a tengu warrior
  9400 | D:9      | Noticed a deep elf pyromancer
  9404 | D:9      | Killed a deep elf pyromancer
  9440 | D:9      | Noticed a centaur warrior
  9457 | D:9      | Killed a centaur warrior
  9467 | D:9      | Noticed a skeletal warrior
  9477 | D:9      | Noticed a seven-headed hydra
  9538 | D:9      | Shot with an arrow by a centaur warrior

Illustrated notes

Levels and vault maps discovered:
D:1:      mrwooster_arrival_statue_3, layout_loops_ring,
          ebering_ecumenical_altar_rust
D:2:      layout_rooms, corexii_shack
D:3:      layout_loops_ring, nicolae_overflow_ecumenical_swirl,
          mainiacjoe_overflow_surrounded_room, lemuel_doored_altar,
          kennysheep_generic_room_4, uniq_jessica
D:4:      layout_gridville, nicolae_shop_self_help
D:5:      layout_basic, lightli_ossuary_entry_decrepit_ruins,
          grunt_ministairs_3, nicolae_inconvenience_store,
          chequers_serial_rivers_micro_a
D:6:      layout_basic, minmay_temple_entry_statues_pillars,
          grunt_decor_mini_mirrors, chequers_serial_rivers_small_b
D:7:      layout_basic, mainiacjoe_overflow_cross_hatched,
          nicolae_overflow_crystal_walls, st_stairs_8, uniq_menkaure
D:8:      layout_cave_pods, lair_entry_dummy, sigmund_army
D:9:      layout_long_grid, minivault_28
Temple:   regret_index_temple_sphere_string

Skill      XL: |  1  2  3  4  5  6  7  8  9 10 11 |
---------------+----------------------------------+-----
Fighting       | 1 2 3 4 5 6 8 9 |  9.9
Dodging        | 3 4 5 7 8 |  8.8
Spellcasting   | 4 5 6 7 8 9 |  9.0
Armour         | 1 2 3 5 |  5.0
Stealth        | |  1.5

Action                   |  1- 3 |  4- 6 |  7- 9 | 10-12 || total
-------------------------+-------+-------+-------+-------++-------
Melee: Dagger            |     2 |    47 |   295 |     6 ||   350
       Punch             |       |     1 |     4 |       ||     5
 Fire: Triple crossbow   |       |       |    38 |       ||    38
Throw: Stone             |       |    10 |   102 |       ||   112
       Dart              |       |    10 |     6 |       ||    16
       Boomerang         |       |       |    29 |     7 ||    36
 Cast: Freeze            |    37 |    60 |    40 |    11 ||   148
       Frozen Ramparts   |     1 |    13 |    26 |    10 ||    50
       Summon Small Mamm |     1 |     1 |     1 |       ||     3
       Ozocubu's Armour  |       |     1 |     3 |       ||     4
       Hailstorm         |       |       |    28 |    24 ||    52
       Blink             |       |       |     5 |     2 ||     7
       Confusing Touch   |       |       |     3 |       ||     3
       Summon Ice Beast  |       |       |     4 |     7 ||    11
       Flame Wave        |       |       |       |     1 ||     1
  Use: Scroll            |       |     8 |     7 |     3 ||    18
       Potion            |       |       |       |     1 ||     1
 Stab: Sleeping          |     1 |     2 |       |       ||     3
Armor: Robe              |     3 |     6 |       |       ||     9
       Leather armour    |       |    12 |   112 |       ||   124
       Acid dragon scale |       |       |       |    13 ||    13
Dodge: Dodged            |    22 |    63 |   320 |    32 ||   437
